 Dungeon Crawl Stone Soup version 0.19.5 (webtiles) character file.

2173 theAP the Basher (level 9, -3/75 HPs)
             Began as a Formicid Fighter on Apr 8, 2017.
             Was a Follower of Nemelex Xobeh.
             Slain by Lucio's ghost (20 damage)
             ... on level 8 of the Dungeon.
             The game lasted 00:13:04 (5169 turns).

theAP the Basher (Formicid Fighter)                 Turns: 5169, Time: 00:13:04

Health: -3/75      AC: 12    Str: 23    XL:     9   Next: 58%
Magic:  9/9        EV: 13    Int: 11    God:    Nemelex Xobeh [*.....]
Gold:   435        SH:  8    Dex: 10    Spells: 0 memorised, 8 levels left

rFire  + . .     SeeInvis +     B - +8 whip of Judgement {venom, Int+2}
rCold  . . .     Gourm    .     z - +1 chain mail {rF+}
rNeg   . . .     Faith    .     q - +2 buckler
rPois  +         Spirit   .     (helmet unavailable)
rElec  .         Reflect  +     c - +0 cloak (curse)
rCorr  .         Harm     .     (no gloves)
MR     .....                    h - +0 pair of boots
Stlth  ..........               C - +2 amulet of reflection
                                e - +5 ring of evasion
                                j - ring of poison resistance

@: no status effects
A: permanent stasis, dig shafts and tunnels, four strong arms, antennae 3
a: Dig, Shaft Self, Renounce Religion


You were on level 8 of the Dungeon.
You worshipped Nemelex Xobeh.
Nemelex Xobeh was aware of your devotion.
You were hungry.

You visited 2 branches of the dungeon, and saw 9 of its levels.

You collected 435 gold pieces.

Inventory:

Hand Weapons
 a - a +0 flail
 B - the +8 whip of Judgement (weapon) {venom, Int+2}
   (You found it on level 4 of the Dungeon)

   It poisons the flesh of those it strikes.
   It affects your intelligence (+2).
Armour
 c - a cursed +0 cloak (worn)
 h - a +0 pair of boots (worn)
 q - a +2 buckler (worn)
 z - a +1 chain mail of fire resistance (worn)
Jewellery
 e - a +5 ring of evasion (right hand)
 j - a ring of poison resistance (left hand)
 l - an uncursed ring of fire
 t - an uncursed ring of flight
 w - an uncursed amulet of faith
 C - a +2 amulet of reflection (around neck)
 H - an uncursed ring of protection from magic
Wands
 u - a wand of confusion (31/48)
 I - a wand of random effects (32/48)
Scrolls
 m - 2 scrolls of magic mapping {unknown}
 p - a scroll of amnesia
 y - a scroll of teleportation
 A - a scroll of remove curse
 D - a scroll of recharging
Potions
 b - a potion of heal wounds {unknown}
 d - a potion of might
 g - 2 potions of berserk rage
 k - a potion of resistance
 n - a potion of ambrosia
 o - 2 potions of flight
 r - a potion of cancellation {unknown}
 s - 3 potions of curing
 v - a potion of degeneration {unknown}
 F - a potion of brilliance {unknown}
 J - a potion of agility {unknown}
Miscellaneous
 x - a plain deck of destruction
 E - a plain deck of destruction
 G - an ornate deck of destruction
Comestibles
 f - 8 bread rations
 i - 4 meat rations


   Skills:
 + Level 8.4 Fighting
 * Level 10.0 Maces & Flails
 - Level 3.2 Armour
 - Level 3.6 Shields


You had 8 spell levels left.
You didn't know any spells.

Dungeon Overview and Level Annotations

Branches:
Dungeon (8/15)             Temple (1/1) D:5
   Lair: D:8-11

Altars:
Ashenzari
Cheibriados
Dithmenos
Elyvilon
Fedhas
Gozag
Hepliaklqana
Kikubaaqudgha
Makhleb
Nemelex Xobeh
Okawaru
Qazlal
Ru
Sif Muna
Trog
Uskayaw
Vehumet
Xom
Yredelemnul
Zin
The Shining One

Annotations:
D:8 Lucio's ghost, novice TrBe


Innate Abilities, Weirdness & Mutations

You are under a permanent stasis effect.
You can dig through walls and to a lower floor.
Your four strong arms can wield two-handed weapons with a shield.
You have a pair of large antennae on your head. (SInv)


Message History

You block Lucio's ghost's attack.
You whack Lucio's ghost!
Lucio's ghost is severely damaged.
You block Lucio's ghost's attack.
Your chain mail prevents you from hitting Lucio's ghost.
Lucio's ghost is severely damaged.
You closely miss Lucio's ghost.
Lucio's ghost is severely damaged.
Lucio's ghost hits you!
You hit Lucio's ghost.
Lucio's ghost is almost destroyed.
You barely miss Lucio's ghost.
Lucio's ghost is almost destroyed.
Lucio's ghost hits you!
* * * LOW HITPOINT WARNING * * *
You hit Lucio's ghost.
Lucio's ghost is almost destroyed.
Lucio's ghost hits you!!
You die...
Your body glows slightly and disappears.

.# .. #####. #..... #
#.##.# ##.##.
######.##.# #......
#.......#.##.....#
#.####....@WZ.#
#######.#####.#.###.#
#.[........##.#... ..
..#####.##.##.#####
... ##.......# ...
#......### #...#
#.###....# #...#
#.####.#.##
#...#########
#.#.......#
#...##.......


You could see Lucio's ghost and an adder zombie.

Vanquished Creatures
  A hornet (D:8)
  A black bear (D:8)
  An ice beast (D:7)
  An orc warrior (D:6)
  2 ogres
  2 centaurs
  2 bullfrogs
  5 scorpions
  2 howler monkeys
  3 crimson imps
  2 bullfrog zombies
  A hound (D:6)
  A quasit (D:8)
  A jelly (D:7)
  Crazy Yiuf (D:7)
  2 orc priests
  6 orc wizards
  3 iguanas
  4 worker ants
  A killer bee zombie (D:7)
  3 hound skeletons
  3 gnolls (D:3)
  A howler monkey skeleton (D:7)
  4 adders
  A shadow imp (D:7)
  3 worms
  3 dart slugs
  11 leopard geckos
  20 orcs
  3 giant cockroaches
  4 goblins
  3 hobgoblins
  5 kobolds
  3 quokkas
  2 ball pythons
  6 bats
  5 frilled lizards
  A leopard gecko skeleton (D:4)
  6 rats
129 creatures vanquished.

Notes
Turn   | Place    | Note
-------+----------+-------------------------------------------
     0 | D:1      | theAP the Formicid Fighter began the quest for the Orb.
     0 | D:1      | Reached XP level 1. HP: 18/18 MP: 1/1
   110 | D:1      | Reached XP level 2. HP: 22/24 MP: 2/2
   272 | D:1      | Reached XP level 3. HP: 30/30 MP: 3/3
   488 | D:1      | Reached skill level 3 in Maces & Flails
   835 | D:2      | Found a glowing golden altar of the Shining One.
   838 | D:2      | Found a hazy altar of Hepliaklqana.
   844 | D:2      | Found a burning altar of Makhleb.
   911 | D:2      | Reached XP level 4. HP: 37/37 MP: 4/4
   988 | D:2      | Noticed a black bear
  1625 | D:2      | Reached XP level 5. HP: 41/43 MP: 5/5
  1708 | D:4      | Found a shadowy altar of Dithmenos.
  1718 | D:4      | Reached skill level 4 in Maces & Flails
  2225 | D:4      | Got an ichor-stained whip
  2226 | D:4      | Identified the +8 whip of Judgement {venom, Int+2} (You found it on level 4 of the Dungeon)
  2506 | D:4      | Reached skill level 5 in Fighting
  2506 | D:4      | Reached XP level 6. HP: 48/51 MP: 6/6
  2628 | D:5      | Entered Level 5 of the Dungeon
  2628 | D:5      | Noticed an ogre
  2632 | D:5      | Killed an ogre
  2632 | D:5      | Reached skill level 5 in Maces & Flails
  2665 | D:5      | Found a staircase to the Ecumenical Temple.
  2710 | Temple   | Entered the Ecumenical Temple
  2795 | Temple   | Became a worshipper of Nemelex Xobeh the Trickster
  2902 | D:5      | Received a gift from Nemelex Xobeh
  2952 | D:5      | Reached XP level 7. HP: 56/56 MP: 7/7
  3037 | D:5      | Reached skill level 6 in Maces & Flails
  3042 | D:5      | Identified a scroll of acquirement
  3576 | D:6      | Reached XP level 8. HP: 54/64 MP: 8/8
  3583 | D:6      | Reached skill level 7 in Maces & Flails
  3800 | D:6      | Reached skill level 8 in Maces & Flails
  3938 | D:7      | Received a gift from Nemelex Xobeh
  3959 | D:7      | Reached * piety under Nemelex Xobeh
  4055 | D:7      | Reached XP level 9. HP: 58/72 MP: 9/9
  4077 | D:7      | Reached skill level 9 in Maces & Flails
  4404 | D:7      | Received a gift from Nemelex Xobeh
  4545 | D:7      | Found a runed door.
  4912 | D:7      | Noticed Crazy Yiuf
  4919 | D:7      | Killed Crazy Yiuf
  4987 | D:8      | Noticed a hornet
  5000 | D:8      | Killed a hornet
  5035 | D:8      | Reached skill level 10 in Maces & Flails
  5152 | D:8      | Noticed Lucio's ghost (novice TrBe)
  5169 | D:8      | Slain by Lucio's ghost

Skill      XL: |  1  2  3  4  5  6  7  8  9 |
---------------+----------------------------+-----
Maces & Flails | 3 4 5 6 8 10 | 10.0
Fighting       | 4 5 6 7 8 |  8.4
Armour         | |  3.2
Shields        | |  3.6

Action                   |  1- 3 |  4- 6 |  7- 9 || total
-------------------------+-------+-------+-------++-------
Melee: Flail             |   109 |    63 |       ||   172
       Whip              |       |    29 |   225 ||   254
  Use: Scroll            |     3 |       |    10 ||    13
  Eat: Chunk             |       |     5 |     5 ||    10
       Beef jerky        |       |     1 |       ||     1
       Pizza             |       |       |     1 ||     1
Armor: Scale mail        |    50 |    21 |       ||    71
       Chain mail        |       |    11 |    55 ||    66
Dodge: Dodged            |    41 |    35 |    47 ||   123
Block: Shield            |    52 |     5 |       ||    57
       Buckler           |       |    20 |    65 ||    85
       Reflection        |       |       |     4 ||     4
